 Dungeon Sprint DCSS version 0.27-a0-1071-ga85bd9520d (webtiles) character file.

Game seed: 1732894891629577762

18617 mhtbhm the Eclecticist (level 12, -5/61 HPs)
             Began as a Deep Elf Fire Elementalist on Apr 24, 2021.
             Was the Champion of Vehumet.
             Killed themself with a badly aimed burst of rock shards (15 damage)
             ... in the Dungeon (Sprint V: "Ziggurat Sprint").
             The game lasted 00:09:46 (1171 turns).

mhtbhm the Eclecticist (Deep Elf Fire Elementalist) Turns: 1171, Time: 00:09:46

Health: -5/61      AC:  7    Str:  5    XL:     12   Next: 29%
Magic:  36/38      EV: 18    Int: 38    God:    Vehumet [******]
Gold:   0          SH:  0    Dex: 15    Spells: 24/51 levels left

rFire    + . .     SeeInvis .   C - +8 lance "Wyrmbane" {slay drac, rPois rF+ rC+ AC+3}
rCold    + . .     Faith    .   (no shield)
rNeg     . . .     Spirit   .   a - +2 robe "Emocet" {Will+ Regen+}
rPois    +         Reflect  .   (no helmet)
rElec    .         Harm     .   (no cloak)
rCorr    .         Rampage  .   (no gloves)
Will     ++...     NoTele   +   (no boots)
Stlth    ++++......             h - amulet of the acrobat
HPRegen  1.20/turn              u - +6 ring of intelligence
MPRegen  0.26/turn              v - +6 ring of intelligence

@: no status effects
A: no striking features
a: Renounce Religion


You were in the Dungeon.
You worshipped Vehumet.
Vehumet was exalted by your worship.
You visited 1 branch

Inventory:

Hand Weapons
 C - the +8 lance "Wyrmbane" (weapon) {slay drac, rPois rF+ rC+ AC+3}
   (You found it in the Dungeon)

   It affects your AC (+3).
   It protects you from fire.
   It protects you from cold.
   It protects you from poison.
 D - the +7 great mace "Undeadhunter" {disrupt, rN+}
   (You found it in the Dungeon)

   It protects you from negative energy.
Armour
 a - the +2 robe "Emocet" (worn) {Will+ Regen+}
   (You found it in the Dungeon)

   It increases your rate of health regeneration.
   It increases your willpower.
Jewellery
 h - an amulet of the acrobat (around neck)
 u - a +6 ring of intelligence (left hand)
 v - a +6 ring of intelligence (right hand)
 F - an amulet of magic regeneration
Wands
 y - a wand of mindburst (7)
Scrolls
 m - 4 scrolls of amnesia
 n - 7 scrolls of fog
 o - a scroll of holy word
 p - 5 scrolls of identify
 q - a scroll of fear
 r - a scroll of brand weapon
 s - 4 scrolls of enchant armour
 H - a scroll of acquirement
Potions
 b - 2 potions of brilliance
 c - 10 potions of curing
 d - 5 potions of heal wounds
 e - 4 potions of haste
 f - 4 potions of magic
 g - 3 potions of berserk rage
 i - 2 potions of invisibility
 j - 4 potions of resistance
 k - a potion of experience
 l - 5 potions of might
Miscellaneous
 t - a box of beasts
 x - a tin of tremorstones (2/2) (quivered)
 z - a piece from Xom's chessboard (15/15)
 B - a lightning rod (4/4)


   Skills:
 + Level 1.4 Fighting
 + Level 11.2 Dodging
 + Level 10.1 Stealth
 + Level 20.3 Spellcasting
 + Level 10.9 Conjurations
 + Level 19.0 Fire Magic
 + Level 10.2 Earth Magic
 + Level 10.5 Evocations


You had 24 spell levels left.
You knew the following spells:

 Your Spells              Type           Power      Damage    Failure   Level
a - Foxfire               Conj/Fire      100%       2x1d9     0%          1
b - Conjure Flame         Conj/Fire      100%       6-21      0%          3
c - Inner Flame           Hex/Fire       84%        N/A       1%          3
d - Sticky Flame          Conj/Fire      100%       2d11      0%          4
e - Fireball              Conj/Fire      50%        3d20      1%          5
f - Iron Shot             Conj/Erth      43%        9d8       1%          6
g - Lee's Rapid Deconstr  Erth           43%        3d22*     1%          5

Your spell library contained the following spells:

 Spells                   Type           Power      Damage    Failure   Level
 Conjure Ball Lightning   Conj/Air       34%        3x3d11    3%          6
 Animate Skeleton         Necr           76%        N/A       1%          1
 Apportation              Tloc           76%        N/A       1%          1
 Beastly Appendage        Tmut           76%        N/A       1%          1
 Corona                   Hex            42%        N/A       1%          1
 Freeze                   Ice            100%       1d11      1%          1
 Sting                    Tmut/Pois      100%       1d8       1%          1
 Summon Small Mammal      Summ           100%       N/A       1%          1
 Passwall                 Tmut/Erth      55%        N/A       1%          2
 Sublimation of Blood     Necr           19%        N/A       1%          2
 Wereblood                Tmut           38%        N/A       1%          2
 Frozen Ramparts          Ice            76%        1d9       1%          3
 Mephitic Cloud           Conj/Pois/Air  60%        N/A       1%          3
 Animate Armour           Summ/Erth      100%       N/A       1%          4
 Hailstorm                Conj/Ice       69%        3d14      1%          4
 Petrify                  Tmut/Erth      67%        N/A       1%          4
 Bolt of Magma            Conj/Fire/Erth 48%        4d20      1%          5
 Confusing Touch          Hex            38%        N/A       2%          3
 Gell's Gravitas          Tloc           19%        N/A       2%          3
 Ozocubu's Armour         Ice            38%        N/A       2%          3
 Swiftness                Air            38%        N/A       2%          3
 Yara's Violent Unravell  Hex/Tmut       19%        3d9       5%          5
 Dispel Undead            Necr           38%        3d16      7%          4
 Passage of Golubria      Tloc           N/A        N/A       7%          4
 Freezing Cloud           Conj/Ice/Air   30%        6-21      7%          6
 Metabolic Englaciation   Hex/Ice        19%        N/A       21%         5
 Summon Forest            Summ/Tloc      19%        N/A       21%         5
 Summon Mana Viper        Hex/Summ       38%        N/A       21%         5
 Eringya's Noxious Bog    Tmut/Pois      19%        N/A       28%         6
 Invisibility             Hex            38%        N/A       73%         6
 Dragon Form              Tmut           19%        N/A       99%         7


Dungeon Overview and Level Annotations

Branches:
Dungeon (1/1)

Altars:
Ashenzari
Cheibriados
Dithmenos
Elyvilon
Fedhas
Gozag
Hepliaklqana
Kikubaaqudgha
Makhleb
Nemelex Xobeh
Okawaru
Qazlal
Ru
Sif Muna
Trog
Uskayaw
Vehumet
Wu Jian
Xom
Yredelemnul
Zin
The Shining One
Beogh
Jiyva
Lugonu


Message History

The freezing wraith is burned terribly!
You destroy the freezing wraith!
Vehumet accepts your kill.
You feel your power returning.
The fireball engulfs the frost giant!!
The frost giant is severely wounded.
The frost giant points at you and mumbles some strange words.
The bolt of cold hits you! You resist.
* * * LOW HITPOINT WARNING * * *
The ice dragon breathes frost at you.
The blast of cold hits the frost giant.
The frost giant resists.
The blast of cold hits you! You resist.
* * * LOW HITPOINT WARNING * * *
Your Spellcasting skill increases to level 20!
Your Earth Magic skill increases to level 10!
Unknown command.
You feel much better.
As you read the scroll of fear, it crumbles to dust.
You assume a fearsome visage.
The giant cockroach simulacrum is unaffected.
The ice devil is unaffected.
The ice dragon looks frightened! x2
The frost giant easily resists.
The frost giant looks frightened!
The ice devil hits you. The ice devil freezes you! You resist.
The frost giant gestures at you while chanting.
The bolt of cold hits you! You resist.
* * * LOW HITPOINT WARNING * * *
Unknown command.
The tremorstone explodes into fragments!
The burst of rock shards engulfs the giant cockroach simulacrum!!
The giant cockroach simulacrum vapourises!
Vehumet accepts your kill.
You feel your power returning.
The burst of rock shards engulfs the frost giant!
You kill the frost giant!
Vehumet accepts your kill.
You feel your power returning.
The burst of rock shards engulfs the frost giant!
The burst of rock shards engulfs the ice dragon!
Your attack snaps the ice dragon out of its fear.
The burst of rock shards engulfs you!
You die...

▓....©....▓
▓.."|=))):..▓▓▓▓▓▓▓▓▓▓▓
▓...[)||)...▓...8©8...▓
▓...........▓..))[|}..▓
▓.....D.....▓...|.[...▓
▓...D.......▓.........▓
....[).....▓.........▓
▓.4☼C.▓ ▓.........▓
▓▓.@.▓▓ ▓.........▓
▓..▓.....▓..▓.........▓
▓.....©.....▓....©....▓
▓▓▓▓▓▓▓▓▓▓▓▓▓▓▓▓▓▓▓▓▓▓▓
▓...8©8...▓...8©8...▓..
▓.......}.▓...|.||..▓..
▓..=))}...▓...).)|..▓..
▓.........▓....†....▓..
▓....)....▓.........▓..


You could see a frost giant, 2 ice dragons and an ice devil.

Vanquished Creatures
  A quicksilver dragon (D)
  A frost giant (D)
  2 reapers (D)
  A blizzard demon (D)
  A crystal guardian (D)
  An ice dragon (D)
  A two-headed ogre (D)
  5 iron golems (D)
  3 deep elf knights (D)
  A deep elf pyromancer (D)
  2 cyclopes (D)
  6 toenail golems (D)
  A black mamba (D)
  2 rust devils (D)
  A gargoyle (D)
  A freezing wraith (D)
  A tormentor (D)
  A komodo dragon (D)
  A polar bear (D)
  A blink frog (D)
  A wyvern (D)
  2 nagas (D)
  2 hell hounds (D)
  3 water moccasins (D)
  An ice beast (D)
  A necrophage (D)
  An ogre (D)
  A wolf (D)
  A phantom (D)
  6 earth elementals (D)
  A wight (D)
  A crimson imp (D)
  3 iron imps (D)
  An iguana (D)
  3 orc wizards (D)
  An adder (D)
  A river rat (D)
  A white imp (D)
  2 ufetubi (D)
  2 adder zombies (D)
  4 orcs (D)
  A ball python (D)
  A jackal (D)
  A ball python skeleton (D)
  2 ball python zombies (D)
  A giant cockroach simulacrum (D)
  2 jackal zombies (D)
  A quokka simulacrum (D)
  A quokka skeleton (D)
83 creatures vanquished.

Notes
Turn   | Place    | Note
-------+----------+-------------------------------------------
     0 | D        | mhtbhm the Deep Elf Fire Elementalist began the quest for
                  | the Orb.
     0 | D        | Reached XP level 1. HP: 10/10 MP: 6/6
     0 | D        | Found a shimmering blue altar of Sif Muna.
     0 | D        | Found a bloodstained altar of Trog.
     0 | D        | Found a sacrificial altar of Ru.
     0 | D        | Found a stormy altar of Qazlal.
     0 | D        | Found an iron altar of Okawaru.
     1 | D        | Found a sparkling altar of Nemelex Xobeh.
     1 | D        | Found a blossoming altar of Fedhas.
     2 | D        | Found the +6 Majin-Bo {vamp, MP+6 Int+6}
     2 | D        | Found the +9 heavy crossbow "Sniper" {vorpal, Acc+∞ SInv}
     2 | D        | Found the +10 dark maul {vorpal}
     2 | D        | Found the +15 Maxwell's patent armour {-Cast -Tele rElec
                  | Will+ rCorr}
     2 | D        | Found the +18 shield of the Gong {rElec rN+ Will+ EV-5}
     2 | D        | Found the +14 obsidian axe {vorpal, Drain Fly SInv}
     2 | D        | Found the +7 great mace "Firestarter" {inner flame, rF++}
     2 | D        | Found the +6 shillelagh "Devastator" {shatter}
     2 | D        | Found the +11 plutonium sword {Contam Stlth-}
     2 | D        | Found the +8 lance "Wyrmbane" {slay drac, rPois rF+ rC+
                  | AC+3}
     2 | D        | Found the +9 sword of Zonguldrok {reap}
     2 | D        | Found the +13 scythe of Curses {drain, Drain}
     2 | D        | Found the +5 sword of Power {vorpal}
     2 | D        | Found the +7 mace of Variability {chain chaos}
     2 | D        | Found the +7 Singing Sword {vorpal, sonic wave}
     2 | D        | Found the +8 storm bow {elec, penet}
     3 | D        | Found a transporter.
     3 | D        | Found an ancient bone altar of Kikubaaqudgha.
     3 | D        | Found a viscous altar of Jiyva.
     3 | D        | Found a corrupted altar of Lugonu.
     3 | D        | Found a hazy altar of Hepliaklqana.
     3 | D        | Found a burning altar of Makhleb.
     3 | D        | Found an opulent altar of Gozag.
    37 | D        | Became a worshipper of Vehumet
    58 | D        | Entered arena 2.
    58 | D        | Noticed a phantom
    58 | D        | Found a transporter.
    61 | D        | Killed a phantom
    62 | D        | Reached skill level 5 in Spellcasting
    62 | D        | Reached skill level 1 in Evocations
    62 | D        | Reached XP level 2. HP: 15/15 MP: 7/10
    62 | D        | Reached XP level 3. HP: 19/19 MP: 7/11
    62 | D        | Reached XP level 4. HP: 24/24 MP: 8/13
    71 | D        | Learned a level 3 spell: Conjure Flame
    75 | D        | Learned a level 3 spell: Inner Flame
    80 | D        | Learned a level 4 spell: Sticky Flame
   104 | D        | Entered arena 3.
   104 | D        | Found a transporter.
   105 | D        | Reached * piety under Vehumet
   105 | D        | Offered knowledge of Shock by Vehumet.
   121 | D        | Entered arena 4.
   121 | D        | Noticed a two-headed ogre
   121 | D        | Noticed a cyclops
   121 | D        | Noticed an ogre
   121 | D        | Noticed a cyclops
   121 | D        | Found a transporter.
   126 | D        | Killed a two-headed ogre
   126 | D        | Reached ** piety under Vehumet
   127 | D        | Reached skill level 9 in Spellcasting
   127 | D        | Reached XP level 5. HP: 28/28 MP: 14/19
   127 | D        | Reached XP level 6. HP: 32/32 MP: 14/20
   127 | D        | Reached XP level 7. HP: 36/36 MP: 15/22
   128 | D        | Reached skill level 10 in Spellcasting
   128 | D        | Killed a cyclops
   128 | D        | Killed a cyclops
   129 | D        | Reached skill level 11 in Spellcasting
   129 | D        | Reached skill level 5 in Evocations
   129 | D        | Reached XP level 8. HP: 41/41 MP: 23/25
   132 | D        | Got the Papyrus of Earthen Shape Shifting
   137 | D        | Got the Tome of Mutagenic Evil Rites
   337 | D        | Learned a level 5 spell: Fireball
   344 | D        | Learned a level 6 spell: Iron Shot
   348 | D        | Entered arena 5.
   348 | D        | Found a transporter.
   349 | D        | Identified the +5 flail of Paofadaz {speed, Int+4}
   349 | D        | Offered knowledge of Searing Ray by Vehumet.
   349 | D        | Reached *** piety under Vehumet
   358 | D        | Got the ring "Poubon" {rPois Will+}
   391 | D        | Entered arena 6.
   391 | D        | Noticed a deep elf knight
   391 | D        | Noticed a deep elf pyromancer
   391 | D        | Noticed a deep elf knight
   391 | D        | Noticed a deep elf knight
   391 | D        | Found a transporter.
   393 | D        | Killed a deep elf knight
   393 | D        | Reached **** piety under Vehumet
   394 | D        | Reached skill level 12 in Spellcasting
   394 | D        | Reached skill level 15 in Fire Magic
   394 | D        | Reached XP level 9. HP: 25/45 MP: 15/27
   394 | D        | Killed a deep elf pyromancer
   394 | D        | Killed a deep elf knight
   395 | D        | Reached skill level 10 in Dodging
   395 | D        | Reached skill level 13 in Spellcasting
   395 | D        | Killed a deep elf knight
   398 | D        | Reached ***** piety under Vehumet
   538 | D        | Entered arena 7.
   539 | D        | Offered knowledge of Static Discharge by Vehumet.
   542 | D        | Reached skill level 5 in Conjurations
   542 | D        | Reached XP level 10. HP: 50/50 MP: 27/29
   624 | D        | Found a transporter.
   644 | D        | Entered arena 8.
   644 | D        | Noticed a black mamba
   646 | D        | Killed a black mamba
   646 | D        | Reached ****** piety under Vehumet
   647 | D        | Reached skill level 14 in Spellcasting
   647 | D        | Found a transporter.
   655 | D        | Got the Tome of Confrontation and Evil Rituals
   667 | D        | Entered arena 9.
   671 | D        | Found a transporter.
   678 | D        | Got the Tome of the Feathery Volcanoes
   688 | D        | Got the +2 robe "Emocet" {Will+ Regen+}
   698 | D        | Entered arena 10.
   698 | D        | Noticed a toenail golem
   698 | D        | Noticed a toenail golem
   698 | D        | Noticed a toenail golem
   698 | D        | Noticed a toenail golem
   698 | D        | Noticed a toenail golem
   698 | D        | Noticed a toenail golem
   704 | D        | Found a transporter.
   707 | D        | Killed a toenail golem
   707 | D        | Offered knowledge of Dazzling Flash by Vehumet.
   711 | D        | Killed a toenail golem
   712 | D        | Killed a toenail golem
   714 | D        | Killed a toenail golem
   722 | D        | Killed a toenail golem
   723 | D        | Reached skill level 15 in Spellcasting
   725 | D        | Killed a toenail golem
   779 | D        | Learned a level 5 spell: Lee's Rapid Deconstruction
   791 | D        | Entered arena 11.
   792 | D        | Found the +7 great mace "Undeadhunter" {disrupt, rN+}
   795 | D        | Reached skill level 1 in Earth Magic
   850 | D        | Found a transporter.
   876 | D        | Entered arena 12.
   876 | D        | Noticed a rust devil
   876 | D        | Noticed a reaper
   877 | D        | Offered knowledge of Ignite Poison by Vehumet.
   877 | D        | Noticed a reaper
   878 | D        | Noticed a rust devil
   880 | D        | Reached XP level 11. HP: 29/54 MP: 23/32
   881 | D        | Killed a reaper
   882 | D        | Reached skill level 16 in Spellcasting
   884 | D        | Killed a reaper
   885 | D        | Reached skill level 10 in Stealth
   885 | D        | Reached skill level 10 in Evocations
   890 | D        | Reached skill level 17 in Spellcasting
   930 | D        | Found a transporter.
   938 | D        | Got the Almanac of the Toxic Escort
   955 | D        | Entered arena 13.
   955 | D        | Noticed an iron golem
   955 | D        | Noticed an iron golem
   955 | D        | Noticed a crystal guardian
   955 | D        | Noticed a quicksilver dragon
   956 | D        | Noticed an iron golem
   956 | D        | Noticed an iron golem
   959 | D        | Killed a crystal guardian
   959 | D        | Noticed an iron golem
   960 | D        | Reached skill level 1 in Fighting
   960 | D        | Reached skill level 10 in Conjurations
   961 | D        | Killed a quicksilver dragon
   962 | D        | Reached skill level 18 in Spellcasting
   969 | D        | Found a transporter.
   979 | D        | Reached skill level 5 in Earth Magic
   989 | D        | Killed an iron golem
   991 | D        | Killed an iron golem
   996 | D        | Killed an iron golem
   996 | D        | Killed an iron golem
   997 | D        | Reached skill level 19 in Spellcasting
   997 | D        | Reached XP level 12. HP: 61/61 MP: 24/37
  1000 | D        | Got the ring "Woutir" {MP+9 Dex+8}
  1002 | D        | Got the ring of Kaguckil {Int+6 Dex+3 Slay-4}
  1161 | D        | Entered arena 14.
  1162 | D        | Noticed an ice dragon
  1162 | D        | Noticed a blizzard demon
  1162 | D        | Noticed a frost giant
  1163 | D        | Noticed an ice dragon
  1163 | D        | Noticed an ice dragon
  1163 | D        | Noticed a frost giant
  1164 | D        | Offered knowledge of Conjure Ball Lightning by Vehumet.
  1166 | D        | Killed a blizzard demon
  1168 | D        | Killed an ice dragon
  1168 | D        | HP: 1/61 [ice dragon/blast of cold (15)]
  1169 | D        | Reached skill level 20 in Spellcasting
  1169 | D        | Reached skill level 10 in Earth Magic
  1171 | D        | Killed a frost giant
  1171 | D        | Killed themself with a badly aimed burst of rock shards

Illustrated notes

Levels and vault maps discovered:
D:        sprint_v [room_start, room_1, room_2, room_3, room_4, room_5, room_6,
          room_7, room_8, room_9, room_10, room_11, room_12, room_13, room_14,
          room_15, room_16, room_17, room_18, room_19, room_20, room_21,
          room_22, room_23, room_24, room_25, room_26, room_27]

Skill      XL: |  1  2  3  4  5  6  7  8  9 10 11 12 |
---------------+-------------------------------------+-----
Dodging        | 4 7 8 9 10 11 | 11.2
Stealth        | 3 6 7 8 9 10 | 10.1
Spellcasting   | 5 9 11 12 13 15 19 20 | 20.3
Fire Magic     | 7 12 14 15 16 18 19 | 19.0
Evocations     | 1 4 5 6 9 10 | 10.5
Conjurations   | 2 3 5 8 10 | 10.9
Earth Magic    | 1 8 10 | 10.2
Fighting       | 1 |  1.4

Action                   |  1- 3 |  4- 6 |  7- 9 | 10-12 || total
-------------------------+-------+-------+-------+-------++-------
Melee: Lance             |       |       |       |     1 ||     1
 Cast: Fireball          |       |       |     7 |    23 ||    30
       Iron Shot         |       |       |     2 |     6 ||     8
       Lee's Rapid Decon |       |       |       |    17 ||    17
Evoke: Wand              |     2 |     4 |     3 |     5 ||    14
       Lightning rod     |     1 |       |     1 |     4 ||     6
       Tin of tremorston |       |       |       |     5 ||     5
  Use: Scroll            |       |     1 |     1 |     3 ||     5
       Potion            |       |     1 |       |     9 ||    10
Dodge: Dodged            |       |     1 |     1 |    13 ||    15

Table legend: (Time is in decaauts)
 A = Elapsed time spent in this place.
 B = Non-inter-level travel time spent in this place.
 C = Inter-level travel time spent in this place.
 D = Time resting spent in this place.
 E = Time spent auto-exploring this place.
 F = Levels seen in this place.
 G = Mean time per level.
                   A        B        C        D        E       F      G
               +--------+--------+--------+--------+--------+-----+--------+
         Total |   1141 |   1141 |      0 |    682 |      0 |   1 | 1141.0 |
       Dungeon |   1141 |   1141 |      0 |    682 |      0 |   1 | 1141.0 |
               +--------+--------+--------+--------+--------+-----+--------+

Top non-repeatable levels by time:
       D: 1141 daAuts
